Cogmind - Beta 15 @@@ ROGUE MODE // 2025.06.07 @ 20:12:49 Player: Zaros426 Result: Destroyed by Y-54 Guardian with Gatling Laser Performance ------------- Evolutions (0) 0 Regions Visited (4) 800 Robots Destroyed (76) 380 Value Destroyed (1609) 1609 Prototype IDs (11) 220 Alien Tech Used (0) 0 Bonus (-78) -78 TOTAL SCORE: 2931 Bonus ------- Friendly Fire -78 Cogmind --------- Core Integrity 0/250 Matter 270/300 Energy 65/200 System Corruption 0% Temperature Danger (430) Movement Rolling (140) Ox3 Location -7/Recycling Parts ------- > --- POWER (1) -------- Subdweller Power Source > --- PROPULSION (2) --- Subdweller Monowheel Subdweller Monowheel > --- UTILITY (2) ------ High-capacity Storage Unit Subdweller Optics > --- WEAPON (2) ------- Subdweller Beam Cannon Subdweller Beam Cannon > --- INVENTORY (20) --- Scrap Shield Subdweller Machine Gun Subdweller Shrapnel Launcher Multitool SUBCON Basin (Full) Peak State ------------ > --- POWER ------------ Subdweller Power Source > --- PROPULSION ------- Light Treads Light Treads Light Treads Light Treads > --- UTILITY ---------- High-capacity Storage Unit Improved Terrain Scanner Tower Shield > --- WEAPON ----------- Subdweller Laser Light Cannon Light Cannon Makeshift Spear > --- INVENTORY -------- Light Treads Light Treads Large Storage Unit High-capacity Matter Pod Structural Scanner Seismic Detector ECM Suite Scrap Shield Hacking Suite Subdweller Beam Cannon Grenade Launcher Subdweller Shrapnel Launcher Subdweller Shrapnel Launcher Datajack Multitool Makeshift Axe Shrapnel Trap Piercing Trap [Rating: 41] Favorites ----------- Power Subdweller Power Source Engine Subdweller Power Source Propulsion Light Treads Treads Light Treads Wheel Subdweller Monowheel Utility High-capacity Storage Unit Device Improved Terrain Scanner Storage High-capacity Storage Unit Protection Tower Shield Weapon Subdweller Beam Cannon Energy Gun Subdweller Laser Energy Cannon Subdweller Beam Cannon Ballistic Gun Subdweller Machine Gun Ballistic Cannon Light Cannon Launcher Grenade Launcher Special Weapon Mining Laser Slashing Weapon Makeshift Axe Piercing Weapon Makeshift Spear Special Melee Weapon Datajack Build | -11 -10 -10 -10 -7 ------- Run | Yrd Mat Min Sub Rec Slots Evolved . | . . . . . Power . | . . . . . Propulsion . | . . . . . Utility . | . . . . . Weapon . | . . . . . Parts Attached 43 | 7 14 2 20 . Power 7 | 1 4 . 2 . Engine 7 | 1 4 . 2 . Core . | . . . . . Reactor . | . . . . . Propulsion 8 | 2 . 1 5 . Treads 6 | 2 . 1 3 . Leg . | . . . . . Wheel 2 | . . . 2 . Hover . | . . . . . Flight . | . . . . . Utility 9 | 1 3 . 5 . Device 5 | . 2 . 3 . Storage 3 | 1 1 . 1 . Processor . | . . . . . Hackware . | . . . . . Protection 1 | . . . 1 . Artifact . | . . . . . Weapon 19 | 3 7 1 8 . Energy Gun 3 | 2 . . 1 . Energy Cannon 2 | . . . 2 . Ballistic Gun 2 | 1 1 . . . Ballistic Cannon 4 | . 2 . 2 . Launcher 4 | . 2 . 2 . Special Weapon 1 | . 1 . . . Impact Weapon . | . . . . . Slashing Weapon 1 | . . 1 . . Piercing Weapon 1 | . . . 1 . Special Melee Weapon 1 | . 1 . . . Unidentified Prototypes . | . . . . . Parts Lost 3 | . 1 . 2 . Power 2 | . 1 . 1 . Propulsion . | . . . . . Utility 1 | . . . 1 . Weapon . | . . . . . Highest Loss Streak 1 | . 1 . 1 . To Critical Strikes . | . . . . . Average Backups 14 | 2 9 14 15 4 Power . | . . . . . Propulsion 2 | . . 3 2 . Utility 6 | . 3 5 7 1 Weapon 4 | . 4 5 4 2 Tool/Special . | . . . . . Unused Backups 17 | . 2 . 12 3 Power 2 | . 1 . 1 . Propulsion 1 | . . . 1 . Utility 9 | . . . 8 1 Weapon 3 | . . . 2 1 Tool/Special 2 | . 1 . . 1 Average Slot Usage (%) 91 | . 98 100 88 100 Engine 11 | . 13 14 10 14 Treads 27 | . 28 28 26 . Device 11 | . 13 14 10 14 Storage 11 | . 14 14 10 14 Protection 2 | . . . 3 . Energy Gun 1 | . 2 . 1 . Energy Cannon 7 | . . . 10 28 Ballistic Gun 1 | . 9 3 . . Ballistic Cannon 6 | . 8 4 5 . Launcher 7 | . 6 18 5 . Slashing Weapon 1 | . . 2 1 . Peak Build Rating 41 | 6 9 11 41 32 Average Rating 21 | 5 8 9 27 32 On Entrance 11 | . 6 9 11 32 Naked Turns . | . . . . . Heaviest Build 106 | 12 33 33 106 . Greatest Support 80 | 40 40 40 80 . Greatest Overweight (x) 3 | . . . 3 . Average Overweight (x) . | . . . 1 . Largest Inventory Capacity 20 | 8 15 15 20 20 Average Capacity 17 | 7 11 15 19 20 Most Carried 20 | 5 15 15 20 20 Average Carried 15 | 2 9 14 17 20 Final Capacity 20 | 8 15 15 20 20 Final Carried 20 | 5 15 15 20 20 Class Distribution -------------------- 64% | Mutant 23% | Scavenger-Skirmisher 12% | Scavenger-Mutant Dominant Class ---------------- Mutant | -10/Materials Mutant | -10/Mines Mutant | -10/Subcaves Scavenger-Mutant | -7/Recycling Resources | -11 -10 -10 -10 -7 ----------- Run | Yrd Mat Min Sub Rec Matter Collected 2373 | 328 809 348 888 . Remotely . | . . . . . Salvage Created 1999 | 164 802 478 555 . Parts 159 | 14 61 44 40 . Haulers Intercepted 2 | . 2 . . . Recyclers Shooed 1 | . 1 . . . Parts Field Recycled . | . . . . . Retrieved Matter . | . . . . . Parts Self-Destructed 7 | . . . 7 . Prevented . | . . . . . Kills | -11 -10 -10 -10 -7 ------- Run | Yrd Mat Min Sub Rec Combat Hostiles Destroyed 40 | . 19 6 15 . Melee 1 | . . . 1 . Guns 12 | . 10 1 1 . Cannons 10 | . 4 . 6 . AOE 17 | . 5 5 7 . Classes Destroyed 13 | 3 7 . 3 . Worker 6 | 1 3 2 . . Builder 8 | . 3 5 . . Tunneler 8 | 4 . 4 . . Hauler 2 | . 2 . . . Recycler 4 | 1 1 2 . . Operator 3 | . 3 . . . Turret 2 | . . . 2 . Watcher 3 | . 3 . . . Swarmer 9 | . 5 . 4 . Grunt 19 | . 13 6 . . Sentry 1 | . . . 1 . Artisan 1 | . . . 1 . Subdweller 11 | . 1 . 10 . Best Kill Streak 7 | 3 6 7 6 . Combat Bots Only 4 | . 3 3 4 . Max Kills in Single Turn 3 | 1 2 3 2 . Gunslinging . | . . . . . Exploded 2 | . 1 2 2 . Melee 1 | . . . 1 . Uniques/NPCs Destroyed . | . . . . . Combat | -11 -10 -10 -10 -7 -------- Run | Yrd Mat Min Sub Rec Hostile Shots Fired 163 | . 53 8 63 39 Missed 60 | . 19 5 24 12 Hits 103 | . 34 3 39 27 Projectile 103 | . 34 3 39 27 AOE 1 | . . . 1 . Critical Strikes 1 | . . . 1 . Damage Taken 1438 | . 383 73 775 207 Core 252 | . 77 1 97 77 Absorbed by Shields . | . . . . . Core Remaining (%) 100 | 100 . . . . Volleys Fired 184 | 25 85 25 44 5 Largest 4 | 2 2 2 4 2 Hottest 200 | 60 70 60 200 160 Shots Fired 340 | 49 164 37 80 10 Gun 172 | 49 98 10 15 . Cannon 133 | . 57 16 50 10 Launcher 35 | . 9 11 15 . Special . | . . . . . Kinetic 198 | 25 120 26 27 . Thermal 88 | 23 8 . 47 10 Explosive 26 | . 9 11 6 . Electromagnetic 28 | 1 27 . . . Robot Hit Streak 16 | 3 9 15 16 3 Robot Miss Streak 8 | 4 8 2 3 2 Penetration Max . | . . . . . Secondary Targets . | . . . . . Shots Hit Robots 195 | 19 90 29 51 6 Core Hits 96 | 7 41 21 27 . Critical Kills . | . . . . . Critical Parts Destroyed 1 | . 1 . . . Critical Strikes 3 | . 3 . . . Destroy 1 | . 1 . . . Corrupt 2 | . 2 . . . Melee Attacks 43 | . 2 14 27 . Impact . | . . . . . Slashing 28 | . . 14 14 . Piercing 13 | . . . 13 . Sneak Attacks 9 | . 2 6 1 . Combat Hostiles 1 | . 1 . . . Follow-up Attacks . | . . . . . Damage Inflicted 5527 | 257 1870 1201 2028 171 Guns 1491 | 257 855 195 184 . Cannons 1497 | . 568 142 616 171 Explosions 1651 | . 447 398 806 . Melee 883 | . . 461 422 . Ramming 5 | . . 5 . . Kinetic 2190 | 147 1119 337 587 . Thermal 1053 | 110 43 79 650 171 Explosive 1135 | . 447 319 369 . Electromagnetic 261 | . 261 . . . Impact . | . . . . . Slashing 644 | . . 461 183 . Piercing 239 | . . . 239 . Highest Corruption . | . . . . . Average Corruption . | . . . . . Corruption Purged . | . . . . . Corruption Blocked . | . . . . . Overload Shots . | . . . . . Overflow Damage 131 | . 1 89 23 18 Projectiles 18 | . . . . 18 Explosions 6 | . 1 . 5 . Melee 107 | . . 89 18 . Knockbacks 12 | . 6 2 4 . Impact . | . . . . . Kinetic 12 | . 6 2 4 . Secondary . | . . . . . Self-Inflicted Damage 64 | . 25 24 15 . Shots 4 | . 1 2 1 . Rammed 1 | . . 1 . . Targets Rammed 1 | . . 1 . . Kicked . | . . . . . Crushed . | . . . . . Highest Temperature 424 | 20 18 9 130 424 Average Temperature 42 | 15 7 9 49 230 Received Heat Transfer 369 | . 111 27 165 66 Siege Activations . | . . . . . Martial Activations . | . . . . . Shielding Activations . | . . . . . Robots Disrupted 1 | . 1 . . . Combat Hostiles 1 | . 1 . . . Robots Corrupted . | . . . . . Combat Hostiles . | . . . . . Parts Fried . | . . . . . Impact Corruptions . | . . . . . Robots Melted . | . . . . . Combat Hostiles . | . . . . . Parts Melted 2 | . . . 2 . Heat Transferred 1526 | 250 100 100 854 222 Parts Sabotaged . | . . . . . Parts Stolen . | . . . . . Parts Stripped . | . . . . . Power Chain Reactions . | . . . . . Alert | -11 -10 -10 -10 -7 ------- Run | Yrd Mat Min Sub Rec Maximum Alert Level 1 | . 1 . . . Low Security (%) 93 | 100 88 100 . 100 Level 1 6 | . 11 . . . Level 2 . | . . . . . Level 3 . | . . . . . Level 4 . | . . . . . Level 5 . | . . . . . High Security . | . . . . . Max Security . | . . . . . Peak Influence 262 | 10 262 168 . 78 Initial 97 | . 3 97 . 74 Average 63 | 1 71 62 . 76 Influence Increases 1266 | 30 721 326 185 4 Destroy 0b10 Robot/C 620 | . 360 120 140 . Destroy 0b10 Robot/NC 170 | 30 75 65 . . Destroy Leader 120 | . 90 30 . . Allied During Kill 1 | . 1 . . . Trap Triggered on 0b10 10 | . 10 . . . Successful Hack 9 | . 9 . . . Select Force Hacks 60 | . 60 . . . Disable Machine 75 | . 45 30 . . Destroy Structure 111 | . 41 66 . 4 Lose Combat Pursuer 90 | . 30 15 45 . Influence Decreases 1188 | 25 476 502 104 81 Entered New Map 275 | . 2 153 39 81 Time Decay 873 | 25 444 349 55 . Lost Part 20 | . 10 . 10 . Lost Ally 20 | . 20 . . . Squads Dispatched 6 | . 6 . . . Investigation 3 | . 3 . . . Extermination . | . . . . . Reinforcement 3 | . 3 . . . Assault . | . . . . . Garrison . | . . . . . Intercept . | . . . . . Searches Triggered . | . . . . . Construction Impeded . | . . . . . Haulers Reinforced . | . . . . . Active Scanning Responses . | . . . . . Cargo Convoy Interrupts . | . . . . . Stealth | -11 -10 -10 -10 -7 --------- Run | Yrd Mat Min Sub Rec Distress Signals 2 | . 2 . . . Communications Jammed . | . . . . . Distress Signals . | . . . . . Times Spotted 53 | . 29 7 16 1 Peak Tracking Total 3 | . 3 2 3 1 Tactical Retreats 4 | . 2 1 1 . Traps | -11 -10 -10 -10 -7 ------- Run | Yrd Mat Min Sub Rec Traps Triggered 2 | . 1 . 1 . Indirectly . | . . . . . Trap Hack Attempts 3 | . 3 . . . Triggered . | . . . . . Disarmed . | . . . . . Reprogrammed 1 | . 1 . . . Reused 2 | . 1 . 1 . Traps Extracted . | . . . . . Installed 2 | . . . 2 . Triggered 1 | . 1 . . . Most Traps Carried 3 | . . . 3 . Machines | -11 -10 -10 -10 -7 ---------- Run | Yrd Mat Min Sub Rec Machines Disabled 11 | . 4 2 5 . Max in Single Turn 3 | . 1 2 3 . Machines Repaired . | . . . . . Machines Dismantled . | . . . . . Machines Sabotaged . | . . . . . Overloaded Fab Kills . | . . . . . Hacking | -11 -10 -10 -10 -7 --------- Run | Yrd Mat Min Sub Rec Machines Accessed 10 | . 6 . 4 . Terminals 4 | . 4 . . . Fabricators . | . . . . . Repair Stations . | . . . . . Recycling Units 2 | . 2 . . . Scanalyzers . | . . . . . Garrison Access . | . . . . . Total Hacks 19 | . 11 . 8 . Successful 16 | . 8 . 8 . Failed 3 | . 3 . . . Catastrophic . | . . . . . Database Lockouts . | . . . . . Manual 10 | . 10 . . . Terminals 9 | . 9 . . . Fabricators . | . . . . . Repair Stations . | . . . . . Recycling Units 2 | . 2 . . . Scanalyzers . | . . . . . Garrison Access . | . . . . . Terminal Hacks 9 | . 1 . 8 . Record 5 | . . . 5 . Robot Analysis 1 | . 1 . . . Open Door 1 | . . . 1 . Proto ID Catalog 1 | . . . 1 . Release Object 1 | . . . 1 . Fabricator Hacks . | . . . . . Repair Station Hacks . | . . . . . Recycling Unit Hacks . | . . . . . Scanalyzer . | . . . . . Garrison Access Hacks . | . . . . . Unauthorized Hacks 7 | . 7 . . . Terminals 5 | . 5 . . . Botnet 2 | . 2 . . . Skim 3 | . 3 . . . Fabricators . | . . . . . Repair Stations . | . . . . . Recycling Units 2 | . 2 . . . Tunnel 2 | . 2 . . . Scanalyzers . | . . . . . Garrison Access . | . . . . . Data Cores Recovered . | . . . . . Used . | . . . . . Hacking Detections 4 | . 4 . . . Full Trace Events . | . . . . . Feedback Events . | . . . . . Feedback Blocked . | . . . . . Robot Schematics Acquired . | . . . . . Robots Built . | . . . . . Authchips . | . . . . . Time . | . . . . . Total Robot Build Rating . | . . . . . Part Schematics Acquired . | . . . . . Parts Built . | . . . . . Authchips . | . . . . . Time . | . . . . . Total Part Build Rating . | . . . . . Parts Repaired . | . . . . . Time . | . . . . . Parts Recycled . | . . . . . Recycled Matter . | . . . . . Retrieved Matter . | . . . . . Retrieved Components . | . . . . . Parts Scanalyzed . | . . . . . Part Schematics Acquired . | . . . . . Parts Damaged . | . . . . . Bothacking | -11 -10 -10 -10 -7 ------------ Run | Yrd Mat Min Sub Rec Used RIF Installer . | . . . . . Robots Hacked 1 | . 1 . . . Non-combat 1 | . 1 . . . Combat . | . . . . . Robot Hacks Applied 1 | . 1 . . . parse_system 1 | . 1 . . . Relay Couplers Released . | . . . . . Fabnet Peak Effective % . | . . . . . Robots Rewired 1 | . 1 . . . Allies Hacked . | . . . . . Hacks Repelled . | . . . . . Allies | -11 -10 -10 -10 -7 -------- Run | Yrd Mat Min Sub Rec Total Allies 1 | . 1 . . . Largest Group 1 | . 1 . . . Highest-Rated Group 16 | . 16 . . . Highest-Rated Ally 16 | . 16 . . . Total Orders . | . . . . . Ally Attacks 4 | . 4 . . . Total Damage 31 | . 31 . . . Kills . | . . . . . Allies Corrupted . | . . . . . Allies Melted . | . . . . . Intel | -11 -10 -10 -10 -7 ------- Run | Yrd Mat Min Sub Rec Active Infowar (turns) 10886 | . 1725 1507 7654 . Optics 2 | . . . 2 . Terrain 6902 | . . . 6902 . Structural 644 | . . . 644 . Seismic 3338 | . 1725 1507 106 . Robot Analysis Total 1 | . 1 . . . Derelict Logs Recovered 3 | . . 1 2 . Drone Launches . | . . . . . Drone Recoveries . | . . . . . Exploration | -11 -10 -10 -10 -7 ------------- Run | Yrd Mat Min Sub Rec Turns Passed 11467 | 209 1800 1507 7938 13 Spaces Moved 4543 | 79 793 779 2892 . Core 5 | 5 . . . . Treads 4384 | 74 793 779 2738 . Legs . | . . . . . Wheels 154 | . . . 154 . Hover . | . . . . . Flight . | . . . . . Fastest Speed 50 | 50 160 160 140 . Average Speed 203 | 153 160 160 228 . Slowest Speed 320 | 160 160 160 320 . Overloaded Moves . | . . . . . Propulsion Burnouts . | . . . . . Robots Hopped . | . . . . . Potential Cave-ins . | . . . . . Cave-ins Triggered . | . . . . . Exploration Rate (%) 59 | 6 89 100 98 3 Regions Visited 4 Branch Regions 3 Pre-discovered Areas 4 | . 2 . 2 . Known Exits Taken . | . . . . . Unknown Exits Taken 4 | 1 1 1 1 . Scrap Searched 9 | . . 1 8 . Spaces Dug 82 | . 10 38 34 . Terrain Destroyed 266 | . 44 76 142 4 Melee 10 | . . 6 4 . Projectile 7 | . 1 . 2 4 AOE 249 | . 43 70 136 . Terrain Rammed . | . . . . . Walls Destroyed . | . . . . . Machines Disabled . | . . . . . Actions | -11 -10 -10 -10 -7 --------- Run | Yrd Mat Min Sub Rec Total 6404 | 115 1155 986 4143 5 Wait 1424 | . 229 153 1042 . Move 4539 | 78 792 778 2891 . Hop . | . . . . . Pick Up 70 | 5 16 4 45 . Fast Attach 14 | 6 1 . 7 . Attach 8 | . 1 1 6 . Detach 2 | . . . 2 . Swap 55 | 1 18 6 30 . Drop 59 | . 8 4 47 . Fire 184 | 25 85 25 44 5 Melee 43 | . 2 14 27 . Ram . | . . . . . Kick . | . . . . . Crush 1 | . . 1 . . Escape Stasis . | . . . . . Rewire . | . . . . . Trap 5 | . 3 . 2 . Miscellaneous . | . . . . . Route ------- -11/Scrapyard -10/Materials (discovered 5 exits: [*Mat x2] / [*Min x2] / *Sub) -10/Mines (discovered 4 exits: [*Mat x2] / [*Exi] / *Sub) -10/Subcaves (discovered 3 exits: [*Mat x2] / [*Rec]) -7/Recycling History --------- Turn | Location | Event 9 | -11/Scrapyard | Discovered new exit (range 15) 210 | -11/Scrapyard | Entered Materials 306 | -10/Materials | Build established: Mutant 548 | -10/Materials | Discovered new exit (range 14) 622 | -10/Materials | Discovered new exit (range 10) 710 | -10/Materials | Derelicts attacked the area 1046 | -10/Materials | Discovered new exit (range 15) 1513 | -10/Materials | Discovered new exit (range 8) 1638 | -10/Materials | Discovered new exit (range 15) 2010 | -10/Materials | Entered Mines 2252 | -10/Mines | A weapon hastily lodged in a ceiling crevice suddenly fell to the ground 2329 | -10/Mines | Discovered new exit (range 11) 2467 | -10/Mines | Deemed a non-threat by the Exiles lab entrance 2467 | -10/Mines | Discovered new exit (range 5) 2824 | -10/Mines | Discovered new exit (range 6) 2940 | -10/Mines | Discovered new exit (range 6) 3517 | -10/Mines | Entered Subcaves 3522 | -10/Subcaves | Learned location of Mines (-10) 3527 | -10/Subcaves | Learned 4 Materials zone layouts 3579 | -10/Subcaves | Discovered new exit (range 14) 3902 | -10/Subcaves | Discovered new exit (range 15) 3978 | -10/Subcaves | Visited 4L-MR0's lab 3999 | -10/Subcaves | Found Tower Shield 4000 | -10/Subcaves | Attached Tower Shield, gained temporary slots: Power, Propulsion x2, Utility x2, Weapon x2 4346 | -10/Subcaves | Learned location of Zion (-6) 4346 | -10/Subcaves | Met a Zionite searching for "candidates" 4389 | -10/Subcaves | Shifting Twisted Machinery released Piercing Trap 4446 | -10/Subcaves | Shifting Twisted Machinery released Shrapnel Trap 4812 | -10/Subcaves | Build established: Scavenger-Mutant 4990 | -10/Subcaves | Visited Clippyterm 4997 | -10/Subcaves | Learned Research machine intel 5635 | -10/Subcaves | Core integrity fell below 50% 5648 | -10/Subcaves | Ambushed by Subdweller buried in earth 5928 | -10/Subcaves | Build established: Scavenger-Skirmisher 7097 | -10/Subcaves | A swath of the cavern ceiling suddenly collapsed 7323 | -10/Subcaves | Shifting Twisted Machinery released Piercing Trap 8253 | -10/Subcaves | Discovered new exit (range 14) 8607 | -10/Subcaves | Build established: Mutant 8653 | -10/Subcaves | Shifting Twisted Machinery released Flamer 8653 | -10/Subcaves | Shifting Twisted Machinery released Sub. Beam Cannon 11254 | -10/Subcaves | Found SUBCON Basin 11455 | -10/Subcaves | Entered Recycling 11456 | -7/Recycling | Met a Zionite searching for Scraptown 11460 | -7/Recycling | Core integrity fell below 20% 11468 | -7/Recycling | Destroyed by Y-54 Guardian with Gatling Laser Last Messages --------------- 11237_ Dropped Sub. Power Source. 11239_ Acquired Lgt. Treads. 11248_ Dropped Lgt. Treads. 11254_ Connecting with SUBCON Basin Controls... >>Record "Subatomizer Containment" Subatomizers are really quite dangerous, especially when stimulated during the collection process in preparation for SEP insertion. Secure containment is priority number one! Although mostly just a persistent nuisance in their natural Subcaves environment where a certain balance has been achieved, there is a high probability that sudden introduction into previously unexposed areas could cause more extreme side effects. Take all precautions to prevent this from happening. >>Release Inventory Accessing inventory controls... Collection purity confirmed 100%... Ejecting SUBCON Basin... Delivery behind schedule, handle with care! 11254_ Acquired SUBCON Basin. LOCATION=UNKNOWN GOAL=ESCAPE 11456_ SZ-B4O(z): "You there! You wouldn't happen to know where Scraptown is, do you?" 11456_ Y-54 Guardian springs to life. 11456_ SZ-B4O(z) destroyed. 11467_ Destroyed Imp. Heat Sink. Map ----- +----------------------------------------------------+ | | | | | | | ?????????????????????????????????? | | ?????????????????????????????????? | | ?????????????????????????????????? | | ?????????????????????????????????? | | ?????????????????????????????????? | | ?????????????????????????????????? | | ?????????????????????????????????? | | ?????????????????????????????????? | | ?????????????????????????????????? | | ?????????????????????????????????? | | ?????????????????????????????????? | | ?????????????????????????????????? | | ?????????????????????????????????? | | ?????????????????????????????????? | | ?????????????????????????????????? | | ?????????????????????????????????? | | ?????????????????????????????????? | | ?????????????????????????????????? | | ?????????????????????????????????? | | ?????????????????????????????????? | | ???????#######???????????????????? | | ???????# ;;#???????????????????? | | ???????# @ Y#????????????????????? | | ???????#*% ;;#???????????????????? | | ???????# ! # ?????????????????? | | ???????# #?""" ""??????????????? | | ???????+ +??"" """?????????????? | | ???????# #???? "???????????????? | | ???????# #?????????????????????? | | ???????# +?????????????????????? | | ???????# #?????????????????????? | | ???????# #?????????????????????? | | ???????# #?????????????????????? | | ???????# #?????????????????????? | | ???????# "?????????????????????? | | ???????? Y?????????????????????? | | ???????? ??????????????????????? | | ???????? ??????????????????????? | | ?????????????????????????????????? | | ?????????????????????????????????? | | ?????????????????????????????????? | | ?????????????????????????????????? | | ?????????????????????????????????? | | ?????????????????????????????????? | | ?????????????????????????????????? | | ?????????????????????????????????? | | ?????????????????????????????????? | +----------------------------------------------------+ Best States ------------- Heat Dissipation 25 Energy Generation 15 Energy Capacity 250 Matter Stores 300 Matter Capacity 300 Sight Range 16 Terrain Scan Range 16 Terrain Scan Density 10 Armor Coverage 2000 Evasion (%) 40 Recoil Reduction 4 Item Schematics ----------------- None Robot Schematics ------------------ None Fabricated ------------ Nothing Repaired ---------- Nothing Alien Tech Used ----------------- None Achievements -------------- None Challenges ------------ None Game ------ Seed CompactNetworkLoader Manual? 0 Play Time 00:41:52 Cumulative 284.2 hours Start 2025.06.07 @ 19:29:51 End 2025.06.07 @ 20:12:49 Sessions 1 Manual Loads 0 Difficulty Rogue Special Mode None Game No. 143 Rogue 143 Adventurer 0 Explorer 0 Win Type - Total 1 Types 0/0/0/0/1/0/0/0/0/0 Lore% 72 Gallery% 74 Achievement% 64 Wizard Run 0 Options --------- Layout 0 ASCII 0 Keyboard 0 Movement Mouse Keybinds 0 Fullscreen 1 Font 24/Smallcaps Map View 183x50 Zoom Use 0% Tactical HUD 1 Map Filters NONE Filters NONE Steam 0 RUN: 10041589-d070-4cef-9836-48c9522c835f